 Dungeon Crawl Stone Soup version 0.30-a0-358-g0d69a1922f (webtiles) character file.

Game seed: 85552874474867777

37 bande the Trooper (level 3, -4/24 HPs)
             Began as a Gargoyle Fighter on Nov 10, 2022.
             Slain by a worm (8 damage)
             ... on level 1 of the Dungeon.
             The game lasted 00:01:16 (748 turns).

bande the Trooper (Gargoyle Fighter)                 Turns: 748, Time: 00:01:17

Health: -4/24      AC: 10    Str: 19    XL:     3   Next: 41%
Magic:  3/3        EV:  9    Int:  8    God:
Gold:   58         SH:  4    Dex: 11    Spells: 2/2 levels left

rFire   . . .      SeeInvis .    a - +0 war axe
rCold   . . .      Faith    .    c - +0 buckler
rNeg    + . .      Spirit   .    b - +0 scale mail
rPois   ∞          Reflect  .    (no helmet)
rElec   +          Harm     .    (no cloak)
rCorr   .          Rampage  .    (no gloves)
Will    .....                    (no boots)
Stlth   ..........               (no amulet)
HPRegen 0.24/turn                f - ring of flight
MPRegen 0.08/turn                (no ring)

@: flying
A: sickness immunity, AC +3, negative energy resistance 1, electricity
resistance, torment resistance 1, petrification resistance
a: no special abilities


You were on level 1 of the Dungeon.
You visited 1 branch of the dungeon, and saw 2 of its levels.

You collected 58 gold pieces.

Inventory:

Hand Weapons
 a - a +0 war axe (weapon)
Armour
 b - a +0 scale mail (worn)
 c - a +0 buckler (worn)
Jewellery
 f - a ring of flight (left hand)
Scrolls
 e - 3 scrolls of identify {unknown}
 h - a scroll of teleportation {unknown}
Potions
 d - a potion of might
 g - 3 potions of haste {unknown}


   Skills:
 + Level 3.7 Fighting
 + Level 2.3 Axes
 + Level 3.5 Armour
 + Level 3.7 Shields


You had 2 spell levels left.
You didn't know any spells.
Your spell library contained the following spells:

 Spells                   Type           Power      Damage    Failure   Level
 Inner Flame              Hex/Fire       0%         N/A       99%         3
 Flame Wave               Conj/Fire      0%         2d4       100%        4
 Sticky Flame             Conj/Fire      0%         2d3       100%        4


Dungeon Overview and Level Annotations

Branches:
Dungeon (2/15)

Altars:

Annotations:
D:1 Sigmund


Innate Abilities, Weirdness & Mutations

You are immune to sickness and miasma.
Your stone body is resilient. (AC +3)
You are immune to poison.
You resist negative energy. (rN+)
You are resistant to electric shocks. (rElec)
You are resistant to unholy torment.
You are immune to petrification.


Message History

Reactivating autopickup.
There is a stone staircase leading down here.
Unknown command.
You are too confused!
You are too confused!
You are too confused!
You are too confused!
You are too confused!
You are too confused!
You are too confused!
You are too confused!
You are too confused!
You are too confused!
You bump into the rock wall.
The bat hits you but does no damage. Something hits you!
Deactivating autopickup; reactivate with Ctrl-A.
The worm barely misses you.
You closely miss the worm. You completely miss something. Something hits you.
The bat closely misses you. The worm bites you.
You bump into the rock wall.
You feel less confused. The bat hits you but does no damage.
Something hits you but does no damage.
You slash the worm!
The worm is heavily wounded.
You closely miss something. The bat hits you but does no damage. x2
The worm barely misses you.
You hit the worm.
The worm is heavily wounded.
You miss something. You slash the bat!
You kill the bat!
Something hits you.
* * * LOW HITPOINT WARNING * * *
The worm bites you.
* * * LOW HITPOINT WARNING * * *
You hit the worm.
The worm is almost dead.
You miss something. Something hits you.
* * * LOW HITPOINT WARNING * * *
The worm bites you!
You die...

............##.#......#
.........##.##.#......#
.........##.##.#......#
.##...##..#.##.#......#
.##...###.>...........#
.##...# ###....#......#
(##...# #......#.######
=##...###.###..#w###
.##...##.....#.†@..#
.##...######.#.#####
.##...# #...# .######
##### (# .# .# ##


You could see a worm.

Vanquished Creatures
  A gnoll (D:1)
  2 endoplasms (D:1)
  3 giant cockroaches (D:1)
  5 goblins (D:1)
  3 hobgoblins (D:1)
  2 quokkas (D:1)
  3 ball pythons (D:1)
  2 bats (D:1)
  A frilled lizard (D:1)
  3 kobolds (D:1)
  A rat (D:1)
26 creatures vanquished.

Notes
Turn   | Place    | Note
-------+----------+-------------------------------------------
     0 | D:1      | bande the Gargoyle Fighter began the quest for the Orb.
     0 | D:1      | Reached XP level 1. HP: 14/14 MP: 1/1
    87 | D:1      | Reached XP level 2. HP: 19/19 MP: 2/2
   429 | D:1      | Reached XP level 3. HP: 19/23 MP: 3/3
   623 | D:2      | Noticed Sigmund
   748 | D:1      | Slain by a worm

Illustrated notes

Levels and vault maps discovered:
D:1:      wander_arrival_peaceful_grave, layout_basic, kennysheep_pointless_box,
          minmay_misc_feat_tower
D:2:      layout_rooms, uniq_sigmund

Skill      XL: |  1  2 |
---------------+-------+-----
Axes           | 2 |  2.3
Fighting       | |  3.7
Armour         | |  3.5
Shields        | |  3.7

Action                   || total
-------------------------++-------
Melee: War axe           ||    90
Armor: Scale mail        ||    75
Dodge: Dodged            ||    43
Block: Buckler           ||    25

Table legend: (Time is in decaauts)
 A = Elapsed time spent in this place.
 B = Non-inter-level travel time spent in this place.
 C = Inter-level travel time spent in this place.
 D = Time resting spent in this place.
 E = Time spent auto-exploring this place.
 F = Levels seen in this place.
 G = Mean time per level.
                   A        B        C        D        E       F      G
               +--------+--------+--------+--------+--------+-----+--------+
         Total |    788 |    767 |     21 |    105 |    450 |   2 |  394.0 |
       Dungeon |    788 |    767 |     21 |    105 |    450 |   2 |  394.0 |
               +--------+--------+--------+--------+--------+-----+--------+

Top non-repeatable levels by time:
     D:1: 782 daAuts
     D:2: 6 daAuts
